 Dungeon Crawl Stone Soup version 0.27.1-3-gb3d3a73c9e (webtiles) character file.

Game seed: 1698481557028016123

15 TheGamechu the Firebug (level 2, 0/23 HPs)
             Began as a Gnoll Wanderer on Oct 14, 2021.
             Was a Follower of Vehumet.
             Slain by a kobold (14 damage)
             ... on level 1 of the Dungeon.
             The game lasted 00:02:51 (435 turns).

TheGamechu the Firebug (Gnoll Wanderer)              Turns: 435, Time: 00:02:52

Health: 0/23       AC:  2    Str: 11    XL:     2   Next: 50%
Magic:  5/5        EV: 12    Int: 12    God:    Vehumet [*.....]
Gold:   10         SH:  0    Dex: 10    Spells: 5/6 levels left

rFire    . . .     SeeInvis .   a - +2 spear
rCold    . . .     Faith    .   (no shield)
rNeg     . . .     Spirit   .   b - +0 robe
rPois    .         Reflect  .   (no helmet)
rElec    .         Harm     .   (no cloak)
rCorr    .         Rampage  .   (no gloves)
Will     .....                  (no boots)
Stlth    ++........             (no amulet)
HPRegen  0.07/turn              (no ring)
MPRegen  0.09/turn              (no ring)

@: no status effects
A: fangs 1, strong nose, distributed training
a: Renounce Religion


You were on level 1 of the Dungeon.
You worshipped Vehumet.
Vehumet was aware of your devotion.
You visited 1 branch of the dungeon, and saw 1 of its levels.

You collected 10 gold pieces.

Inventory:

Hand Weapons
 a - a +2 spear (weapon)
Missiles
 e - 18 stones (quivered)
Armour
 b - a +0 robe (worn)
Scrolls
 f - a scroll of vulnerability {unknown}
Potions
 c - a potion of haste {unknown}
 d - a potion of curing {unknown}
 g - a potion of attraction {unknown}


   Skills:
 + Level 2.5 Fighting
 + Level 0.4 Short Blades
 + Level 0.4 Long Blades
 + Level 0.4 Axes
 + Level 0.4 Maces & Flails
 + Level 2.5 Polearms
 + Level 0.4 Staves
 + Level 0.4 Slings
 + Level 0.4 Bows
 + Level 0.4 Crossbows
 + Level 2.5 Throwing
 + Level 0.4 Armour
 + Level 2.5 Dodging
 + Level 2.2 Stealth
 + Level 0.4 Shields
 + Level 0.4 Unarmed Combat
 + Level 2.7 Spellcasting
 + Level 0.2 Conjurations
 + Level 0.2 Hexes
 + Level 0.2 Summonings
 + Level 0.2 Necromancy
 + Level 0.2 Translocations
 + Level 0.2 Transmutations
 + Level 5.3 Fire Magic
 + Level 2.0 Ice Magic
 + Level 0.2 Air Magic
 + Level 0.2 Earth Magic
 + Level 0.2 Poison Magic
 + Level 0.5 Invocations
 + Level 0.4 Evocations


You had 5 spell levels left.
You knew the following spells:

 Your Spells              Type           Power      Damage    Failure   Level
a - Sandblast             Erth           4%         2d4       22%         1

Your spell library contained the following spells:

 Spells                   Type           Power      Damage    Failure   Level
 Shock                    Conj/Air       8%         1d3       22%         1
 Foxfire                  Conj/Fire      32%        2x1d5     8%          1
 Magic Dart               Conj           8%         1d3       22%         1
 Inner Flame              Hex/Fire       8%         N/A       24%         3
 Searing Ray              Conj           4%         3d3       34%         2
 Sublimation of Blood     Necr           1%         N/A       34%         2
 Stone Arrow              Conj/Erth      4%         3d7       56%         3
 Fulminant Prism          Conj/Hex       1%         3d6       92%         4
 Petrify                  Tmut/Erth      2%         N/A       92%         4
 Irradiate                Conj/Tmut      1%         3d14      99%         5


Dungeon Overview and Level Annotations

Branches:
Dungeon (1/15)

Altars:
Vehumet


Innate Abilities, Weirdness & Mutations

You have very sharp teeth.
Your uncanny sense of smell can sniff out nearby items.
Your experience applies equally to all skills.


Message History

The goblin hits you with a +0 dagger.
You hit the goblin.
You kill the goblin!
Vehumet accepts your kill.
No target in view!
No target in view!
Found a dark potion.
You see here a +0 dagger.
g - a dark potion
Found a stone staircase leading down.
A kobold comes into view.
It is wielding a +0 whip of electrocution.
A kobold is nearby!
Found 24 stones and 10 gold pieces.
The kobold shouts!
An endoplasm comes into view.
The kobold throws a stone.
The stone barely misses you.
The kobold throws a stone.
The stone misses you.
You reach to attack!
You hit the kobold but do no damage.
The kobold throws a stone.
The stone hits you but does no damage.
You reach to attack!
You barely miss the kobold.
The kobold throws a stone.
The stone closely misses you.
You hit the endoplasm.
The endoplasm is moderately wounded.
The endoplasm freezes you.
You are frozen.
You hit the endoplasm.
You bite the endoplasm, but do no damage.
The endoplasm is severely wounded.
The endoplasm freezes you.
You are frozen.
The kobold hits you with a +0 whip of electrocution.
You hit the endoplasm.
You kill the endoplasm!
Vehumet accepts your kill. The kobold misses you.
You barely miss the kobold. The kobold closely misses you.
You closely miss the kobold. The kobold hits you but does no damage.
You are electrocuted!
Ouch! That really hurt!
You die...

#########
#(.$....#
#.......#
#...>...#
#...K...###
#...@.....#
#.......#..#
#...........
##.##########
###..#
####...##
#.....##
##....#
#....#


You could see a kobold.

Vanquished Creatures
  A dart slug (D:1)
  A ball python (D:1)
  2 endoplasms (D:1)
  A goblin (D:1)
  2 hobgoblins (D:1)
  A quokka (D:1)
  A bat (D:1)
  A frilled lizard (D:1)
  2 kobolds (D:1)
12 creatures vanquished.

Vanquished Creatures (others)
  3 plants (D:1)
  3 withered plants (D:1)
6 creatures vanquished.

Grand Total: 18 creatures vanquished

Notes
Turn   | Place    | Note
-------+----------+-------------------------------------------
     0 | D:1      | TheGamechu the Gnoll Wanderer began the quest for the Orb.
     0 | D:1      | TheGamechu set off with the following items: a +2 spear, a
                  | +0 robe; and the following spells available to memorise:
                  | Foxfire, Sandblast, Inner Flame, Stone Arrow
     0 | D:1      | Reached XP level 1. HP: 17/17 MP: 4/4
    16 | D:1      | Learned a level 1 spell: Sandblast
   116 | D:1      | Reached XP level 2. HP: 23/23 MP: 5/5
   288 | D:1      | Found a faded altar of an unknown god.
   298 | D:1      | Became a worshipper of Vehumet
   298 | D:1      | Reached * piety under Vehumet
   298 | D:1      | Offered knowledge of Shock by Vehumet.
   435 | D:1      | Slain by a kobold

Illustrated notes

Levels and vault maps discovered:
D:1:      saegor_arrival_under_anarchy, layout_rooms,
          shapermc_ecumenical_altar_flowoftime, minmay_misc_feat_plants,
          hangedman_decor_opposing

Skill      XL: |  1 |
---------------+----+-----
Ice Magic      | 2 |  2.0
Fighting       | |  2.5
Short Blades   | |  0.4
Long Blades    | |  0.4
Axes           | |  0.4
Maces & Flails | |  0.4
Polearms       | |  2.5
Staves         | |  0.4
Slings         | |  0.4
Bows           | |  0.4
Crossbows      | |  0.4
Throwing       | |  2.5
Armour         | |  0.4
Dodging        | |  2.5
Stealth        | |  2.2
Shields        | |  0.4
Unarmed Combat | |  0.4
Spellcasting   | |  2.7
Conjurations   | |  0.2
Hexes          | |  0.2
Summonings     | |  0.2
Necromancy     | |  0.2
Translocations | |  0.2
Transmutations | |  0.2
Fire Magic     | |  5.3
Air Magic      | |  0.2
Earth Magic    | |  0.2
Poison Magic   | |  0.2
Invocations    | |  0.5
Evocations     | |  0.4

Action                   || total
-------------------------++-------
Melee: Spear             ||    45
       Bite              ||     3
 Cast: Sandblast         ||     1
 Stab: Sleeping          ||     1
Armor: Robe              ||     4
Dodge: Dodged            ||    14
